 Dungeon Crawl Stone Soup version 0.24.0-1-gfbc8707122 (webtiles) character file.

Game seed: 14361032694911186762, levelgen mode: deterministic

1761588 SnubMonkey the Conqueror (level 27, 299/299 (300) HPs)
             Began as a Minotaur Berserker on Oct 25, 2019.
             Was the Champion of Trog.
             Escaped with the Orb
             ... and 3 runes!
             The game lasted 02:49:52 (68191 turns).

SnubMonkey the Conqueror (Minotaur Berserker)      Turns: 68191, Time: 02:49:53

HP:   299/299 (300) AC: 53    Str: 27    XL:     27
MP:   33/33         EV: 23    Int:  9    God:    Trog [******]
Gold: 3763          SH: 41    Dex: 16    Spells: 26/26 levels left

rFire    + + +     SeeInvis .   a - +8 mithril axe "Arga" {speed, MR+}
rCold    + . .     Gourm    .   C - +10 large shield of Ignorance {rN+ Int-4}
rNeg     + . .     Faith    .   X - +15 plate armour of Supple Strength {Str+4 Int+4}
rPois    +         Spirit   .   (helmet restricted)
rElec    +         Reflect  +   Q - +2 cloak {+Inv}
rCorr    .         Harm     .   Z - +0 pair of gloves of Pride {+Blink rPois rF+ Int+3}
MR       ++++.                  O - +3 pair of boots "Woupsi Pung" {rElec rF++ Dex-4 Stlth+}
Stlth    ..........             w - +4 amulet of reflection
HPRegen  0.59/turn              F - +5 ring of protection
MPRegen  0.23/turn              V - ring of protection from magic

@: no status effects
A: retaliatory headbutt, horns 2, cold resistance 1, robust 1, MP-powered wands
0: Orb of Zot
}: 3/15 runes: decaying, serpentine, silver
a: Berserk, Trog's Hand, Brothers in Arms, Renounce Religion, Evoke Blink, Evoke
Invisibility


You escaped.
You worshipped Trog.
Trog was exalted by your worship.
You were very full.

You visited 9 branches of the dungeon, and saw 49 of its levels.
You also visited: Ice Cave and Wizlab.

You collected 7509 gold pieces.
You spent 3746 gold pieces at shops.

Inventory:

Hand Weapons
 a - the +8 mithril axe "Arga" (weapon) {speed, MR+}
   (You bought it in a shop on level 3 of the Vaults)

   Attacks with this weapon are significantly faster.
   It affects your resistance to hostile enchantments.
 b - a +8 antimagic broad axe
Missiles
 d - 6 throwing nets (quivered)
 l - 21 curare-tipped darts
Armour
 C - the +10 large shield of Ignorance (worn) {rN+ Int-4}
   (You took it off a deep elf annihilator on level 3 of the Elven Halls)

   It affects your intelligence (-4).
   It protects you from negative energy.
 O - the +3 pair of boots "Woupsi Pung" (worn) {rElec rF++ Dex-4 Stlth+}
   (You found it on level 10 of the Dungeon)

   It affects your dexterity (-4).
   It greatly protects you from fire.
   It insulates you from electricity.
   It makes you more stealthy.
 Q - a +2 cloak of invisibility (worn)
 X - the +15 plate armour of Supple Strength (worn) {Str+4 Int+4}
   (You found it on level 4 of the Depths)

   It affects your strength (+4).
   It affects your intelligence (+4).
 Z - the +0 pair of gloves of Pride (worn) {+Blink rPois rF+ Int+3}
   (You found it in an ice cave)

   It affects your intelligence (+3).
   It protects you from fire.
   It protects you from poison.
   It lets you blink.
Jewellery
 w - a +4 amulet of reflection (around neck)
 x - an uncursed ring of positive energy
 B - an uncursed ring of resist corrosion
 F - a +5 ring of protection (left hand)
 M - the ring of Lesser Demons {Ice Str+3 SInv}
   (You found it on level 10 of the Dungeon)

   [ring of ice]

   It enhances your ice magic.
   It affects your strength (+3).
   It makes you vulnerable to fire.
   It protects you from cold.
   It lets you see invisible.
 V - a ring of protection from magic (right hand)
Wands
 c - a wand of acid (25)
 u - a wand of digging (4)
 z - a wand of iceblast (38)
 D - a wand of scattershot (6)
 P - a wand of paralysis (36)
Scrolls
 f - a scroll of silence
 g - 12 scrolls of fog
 o - 13 scrolls of blinking
 p - 17 scrolls of teleportation
 q - 27 scrolls of remove curse
 t - 2 scrolls of magic mapping
 v - 8 scrolls of summoning
 y - 14 scrolls of identify
 I - 7 scrolls of enchant armour
 J - 9 scrolls of fear
 L - 4 scrolls of immolation
 U - 2 scrolls of holy word
Potions
 i - 2 potions of lignification
 j - 20 potions of mutation
 m - 4 potions of invisibility
 n - 12 potions of heal wounds
 r - 17 potions of curing
 s - 4 potions of might
 E - a potion of haste
 G - 5 potions of agility
 K - 3 potions of resistance
Miscellaneous
 h - 5 boxes of beasts
 A - a lamp of fire
 N - 6 phantom mirrors
 W - a phial of floods
Comestibles
 e - 63 rations


   Skills:
 O Level 27 Fighting
 - Level 18.0 Axes
 O Level 27 Armour
 + Level 23.4 Dodging
 - Level 25.5 Shields
 - Level 15.0 Evocations


You had 26 spell levels left.
You didn't know any spells.
Your spell library contained the following spells:

 Spells                   Type           Power        Failure   Level  Hunger
 Animate Skeleton         Necr           N/A          77%         1    ##.....
 Apportation              Tloc           #.....       77%         1    ##.....
 Beastly Appendage        Tmut           #.....       77%         1    ##.....
 Confusing Touch          Hex            #.....       77%         1    ##.....
 Corona                   Hex            #......      77%         1    ##.....
 Flame Tongue             Conj/Fire      #....        77%         1    ##.....
 Freeze                   Ice            #...         77%         1    ##.....
 Infusion                 Chrm           #...         77%         1    ##.....
 Magic Dart               Conj           #...         77%         1    ##.....
 Sandblast                Erth           #.....       77%         1    ##.....
 Sting                    Conj/Pois      #...         77%         1    ##.....
 Summon Butterflies       Summ           #.......     77%         1    ##.....
 Summon Small Mammal      Summ           #...         77%         1    ##.....
 Blink                    Tloc           N/A          88%         2    ###....
 Call Imp                 Summ           #.......     88%         2    ###....
 Ensorcelled Hibernation  Hex/Ice        #.....       88%         2    ###....
 Passwall                 Tmut/Erth      #.......     88%         2    ###....
 Poisonous Vapours        Pois/Air       #.....       88%         2    ###....
 Searing Ray              Conj           #.....       88%         2    ###....
 Shroud of Golubria       Chrm/Tloc      #.....       88%         2    ###....
 Slow                     Hex            #.......     88%         2    ###....
 Song of Slaying          Chrm           #.......     88%         2    ###....
 Sticks to Snakes         Tmut           #.......     88%         2    ###....
 Sublimation of Blood     Necr           #.........   88%         2    ###....
 Swiftness                Chrm/Air       #.......     88%         2    ###....
 Throw Frost              Conj/Ice       #.....       88%         2    ###....
 Call Canine Familiar     Summ           #.......     98%         3    ####...
 Confuse                  Hex            #.......     98%         3    ####...
 Conjure Flame            Conj/Fire      #.......     98%         3    ####...
 Dazzling Spray           Conj/Hex       #.....       98%         3    ####...
 Gell's Gravitas          Tloc           #.........   98%         3    ####...
 Ignite Poison            Fire/Tmut/Pois #.......     98%         3    ####...
 Lesser Beckoning         Tloc           #.........   98%         3    ####...
 Mephitic Cloud           Conj/Pois/Air  #.......     98%         3    ####...
 Ozocubu's Armour         Chrm/Ice       #.......     98%         3    ####...
 Portal Projectile        Hex/Tloc       #.....       98%         3    ####...
 Recall                   Summ/Tloc      N/A          98%         3    ####...
 Regeneration             Chrm/Necr      #.........   98%         3    ####...
 Spectral Weapon          Hex/Chrm       #.......     98%         3    ####...
 Spider Form              Tmut/Pois      #.........   98%         3    ####...
 Stone Arrow              Conj/Erth      #.....       98%         3    ####...
 Teleport Other           Tloc           #.......     98%         3    ####...
 Tukima's Dance           Hex            #.......     98%         3    ####...
 Animate Dead             Necr           N/A          100%        4    #####..
 Force Lance              Conj/Tloc      #.......     100%        4    #####..
 Fulminant Prism          Conj/Hex       #.........   100%        4    #####..
 Ice Form                 Ice/Tmut       #.......     100%        4    #####..
 Iskenderun's Mystic Bla  Conj           #.......     100%        4    #####..
 Leda's Liquefaction      Hex/Erth       #.........   100%        4    #####..
 Olgreb's Toxic Radiance  Pois           #.......     100%        4    #####..
 Petrify                  Tmut/Erth      #.......     100%        4    #####..
 Summon Ice Beast         Ice/Summ       #.......     100%        4    #####..
 Throw Icicle             Conj/Ice       #.......     100%        4    #####..
 Alistair's Intoxication  Tmut/Pois      #.......     100%        5    ######.
 Aura of Abjuration       Summ           #.........   100%        5    ######.
 Blade Hands              Tmut           #.........   100%        5    ######.
 Bolt of Magma            Conj/Fire/Erth #.........   100%        5    ######.
 Borgnjor's Vile Clutch   Necr/Erth      #.........   100%        5    ######.
 Excruciating Wounds      Chrm/Necr      #.........   100%        5    ######.
 Fireball                 Conj/Fire      #.........   100%        5    ######.
 Irradiate                Conj/Tmut      #.........   100%        5    ######.
 Iskenderun's Battlesphe  Conj/Chrm      #.......     100%        5    ######.
 Lee's Rapid Deconstruct  Erth           #.........   100%        5    ######.
 Metabolic Englaciation   Hex/Ice        #.........   100%        5    ######.
 Summon Demon             Summ           #.........   100%        5    ######.
 Summon Forest            Summ/Tloc      #.........   100%        5    ######.
 Summon Mana Viper        Hex/Summ       #.......     100%        5    ######.
 Venom Bolt               Conj/Pois      #.........   100%        5    ######.
 Yara's Violent Unravell  Hex/Tmut       #.........   100%        5    ######.
 Bolt of Cold             Conj/Ice       #.........   100%        6    #######
 Bolt of Fire             Conj/Fire      #.........   100%        6    #######
 Darkness                 Hex            #.........   100%        6    #######
 Death Channel            Necr           #.........   100%        6    #######
 Dispersal                Tloc           #.........   100%        6    #######
 Freezing Cloud           Conj/Ice/Air   #.........   100%        6    #######
 Hydra Form               Tmut           #.........   100%        6    #######
 Invisibility             Hex            #.......     100%        6    #######
 Iron Shot                Conj/Erth      #.........   100%        6    #######
 Ozocubu's Refrigeration  Ice            #.........   100%        6    #######
 Shadow Creatures         Summ           N/A          100%        6    #######
 Simulacrum               Ice/Necr       #.........   100%        6    #######
 Statue Form              Tmut/Erth      #........    100%        6    #######
 Dragon Form              Tmut           #.........   100%        7    #######
 Malign Gateway           Summ/Tloc      #.........   100%        7    #######
 Monstrous Menagerie      Summ           #.........   100%        7    #######
 Orb of Destruction       Conj           #.........   100%        7    #######
 Ring of Flames           Chrm/Fire      #.........   100%        7    #######
 Spellforged Servitor     Conj/Summ      #.........   100%        7    #######
 Summon Greater Demon     Summ           #.........   100%        7    #######
 Controlled Blink         Tloc           N/A          100%        8    #######
 Disjunction              Tloc           #.........   100%        8    #######
 Ignition                 Fire           #.........   100%        8    #######
 Summon Horrible Things   Summ           #.........   100%        8    #######
 Passage of Golubria      Tloc           Unusable     N/A         4    N/A

Dungeon Overview and Level Annotations

Branches:
Dungeon (15/15)            Temple (0/1) D:4            Lair (6/6) D:10
  Swamp (4/4) Lair:4        Snake (4/4) Lair:2        Slime (0/5) Lair:6
    Orc (2/2) D:10            Elf (3/3) Orc:2        Vaults (5/5) D:13
  Crypt (0/3) Vaults:2     Depths (5/5) D:15            Zot (5/5) Depths:5
  IceCv (visited)          WizLab (visited)

Altars:
Ashenzari
Cheibriados
Elyvilon
Fedhas
Hepliaklqana
Kikubaaqudgha
Nemelex Xobeh
Qazlal
Ru
Uskayaw
Wu Jian
The Shining One
Beogh
Jiyva

Shops:
Orc:2 *[(%   Elf:1 [?   Elf:3 (   Snake:2 [**[   Vaults:1 %[   Vaults:3 (
Vaults:4 (   Depths:3 =

Portals:
Hell: Depths:1 Depths:2 Depths:3 Depths:4 Depths:5
Abyss: Depths:3 Depths:4 Depths:5
Pandemonium: Depths:3
Ziggurat: Depths:4

Annotations:
Elf:2 5 runed translucent doors
Depths:2 4 runed translucent doors
Depths:4 exclusions: eye of draining, 2 floating eyes, shining eye and 1 more exclusion


Innate Abilities, Weirdness & Mutations

You reflexively headbutt those who attack you in melee.
You have a pair of horns on your head.
Your flesh is cold resistant. (rC+)
You are robust. (+10% HP)
You expend magic power (3 MP) to strengthen your wands.


Message History

The infernal demonspawn is heavily wounded.
You block the infernal demonspawn's attack.
You slice the infernal demonspawn!!
You headbutt the infernal demonspawn, but do no damage.
The infernal demonspawn is almost dead.
You hit the infernal demonspawn.
You kill the infernal demonspawn!
Trog accepts your kill.
No target in view!
No target in view!
(D) Dungeon (T) Temple (L) Lair (S) Swamp (P) Snake Pit (M) Slime Pits (O) Orcish Mines (E) Elven Halls (V) Vaults (C) Crypt (U) Depths (H) Hell (Z) Zot
Where to? (Enter - D:1 @ (x,y), ? - help)
A demonic crawler comes into view.
You see here a stone.
There is a staircase leading out of the dungeon here.
The demonic crawler misses you.
You block the demonic crawler's attack. x2
You have escaped!

##.###.#.##)..## #.#
.....(......(..# #.####
.#.###.#.####..# #....#
.#.........##..#############.####
.#..##.#..................##.#
.#.............####.......##.#
.#..##.......#.#..#.......##.#
.#..##.........s..'.......##.####
.#..#..#...#...#@.#######.##.....
.#.........#.#s#..'.### #.##(....
...............####...###.##.####
.##.##.(.......# ##...##.##.####
.##............# ##..##........
.##.###...##.#.# ##...#........
.##.##.........# #....#.#..####
..####.##.##..(#####รทรท..#.#.##
..####.##.##......##....#.#.#


You could see a demonic crawler.

Vanquished Creatures
  4 ancient liches
  3 orbs of fire
  The ghost of dolemite99 the Warrior, a veteran DrFE of Okawaru (Vaults:1)
  The ghost of Hynwimna the Slayer, a veteran MiGl of Okawaru (Elf:1)
  Saint Roka (Vaults:5)
  4 Killer Klowns
  Margery (Vaults:4)
  4 curse toes
  6 caustic shrikes
  A mutant beast (WizLab)
  7 golden dragons
  2 bone dragons
  The ghost of vegansnacktivist the Executioner, an adept DDFi of Makhleb (Vaults:1)
  2 electric golems (Zot:5)
  A Tzitzimitl (Zot:5)
  16 tentacled monstrosities
  5 liches
  24 Orb Guardians
  2 deep elf blademasters (Elf:3)
  3 titans
  A deep elf master archer (Elf:3)
  13 death cobs
  10 quicksilver dragons
  3 sphinxes
  11 shadow dragons
  9 nagarajas
  13 storm dragons
  Kirke (Elf:1)
  10 tengu reavers
  3 draconian monks
  The ghost of Jabberih the Lord of Darkness, an adept VSNe of Kikubaaqudgha (Vaults:1)
  Roxanne (Elf:2)
  Donald (Swamp:4)
  18 frost giants
  4 ghost moths
  15 fire giants
  9 deep elf sorcerers
  Aizul (Snake:1)
  2 caustic shrike zombies
  5 iron dragons
  21 vault wardens
  8 draconian shifters
  7 draconian knights
  2 orc warlords (Orc:2)
  9 deep elf elementalists
  2 balrugs
  A ghoul (Vaults:2)
  21 ironheart preservers
  A reaper (Depths:4)
  14 draconian stormcallers
  13 draconian scorchers
  A war gargoyle (Vaults:5)
  6 spriggan defenders
  17 very ugly things
  An entropy weaver (Vaults:4)
  4 vampire knights
  9 draconian annihilators
  4 deep elf demonologists
  31 stone giants
  15 white draconians
  15 green draconians
  12 deep elf annihilators
  20 yellow draconians
  16 purple draconians
  10 black draconians
  20 red draconians
  10 spark wasps
  15 ettins
  A crystal guardian (Vaults:2)
  Josephine (D:12)
  19 fire dragons
  A blizzard demon (Zot:5)
  10 deep elf death magi
  2 jiangshi (Depths:4)
  8 deep elf high priests
  11 great orbs of eyes
  10 ice dragons
  2 hell beasts
  17 yaktaur captains
  14 ogre magi
  2 rakshasas
  9 spriggan air magi
  22 hydras
  35 vault guards
  17 naga warriors
  3 anacondas
  11 centaur warriors
  4 shambling mangroves
  2 ghost crabs
  34 two-headed ogres
  12 tengu warriors
  2 catoblepae (Lair:6)
  6 dancing weapons
  6 alligators
  2 orc high priests (Orc:2)
  17 deep troll earth magi
  10 deep troll shamans
  8 naga sharpshooters
  7 spriggans
  4 death yaks
  16 deep elf knights
  13 spriggan berserkers
  3 soul eaters (Depths:4)
  A shock serpent (Snake:3)
  2 vampire magi
  Sonja (D:10)
  9 skeletal warriors
  4 fire crabs (shapeshifter)
  An iron golem (WizLab)
  3 salamander mystics
  2 shadow wraiths
  An iron troll (Depths:1)
  2 unseen horrors (shapeshifter) (WizLab)
  2 sea snakes (Snake:1)
  5 glowing orange brains
  3 unseen horrors
  3 swamp dragons (Swamp:4)
  25 hell knights
  A shadow demon (Depths:4)
  33 deep trolls
  A sea snake (shapeshifter) (Depths:5)
  4 flayed ghosts
  A tengu zombie (Depths:3)
  A gelid demonspawn (Zot:2)
  3 infernal demonspawn
  6 naga ritualists
  4 wizards
  16 ironbrand convokers
  6 lindwurms
  A golden dragon skeleton (Depths:3)
  3 harpies (shapeshifter)
  An orange crystal statue (Depths:3)
  21 deep elf archers
  36 deep elf magi
  9 phantasmal warriors
  An obsidian statue (Zot:5)
  16 orc knights
  2 mana vipers
  32 ugly things
  10 necromancers
  5 wolf spiders
  11 harpies
  A shining eye (shapeshifter) (WizLab)
  5 manticores
  A salamander (shapeshifter) (WizLab)
  A wolf spider (shapeshifter) (WizLab)
  6 orc sorcerers
  6 cyclopes
  10 salamanders
  7 centaur zombies
  11 elephants
  28 moths of wrath
  26 black mambas
  A torpor snail (Lair:6)
  21 naga magi
  4 guardian serpents
  12 vault sentinels
  A water nymph (shapeshifter) (Depths:5)
  An ice statue (IceCv)
  A rust devil (D:2)
  A torpor snail (shapeshifter) (WizLab)
  2 molten gargoyles (Lair:5)
  3 gargoyles
  5 spectral swamp worms (Depths:1)
  4 kobold demonologists
  3 hellions
  2 rime drakes (shapeshifter) (WizLab)
  20 spiny frogs
  A yaktaur zombie (Depths:1)
  6 rime drakes
  60 yaktaurs
  A spark wasp simulacrum (Depths:3)
  8 komodo dragons
  13 freezing wraiths
  2 komodo dragons (shapeshifter) (WizLab)
  An efreet (D:15)
  2 guardian mummies (Depths:4)
  A hellwing (Depths:3)
  A yaktaur (shapeshifter) (WizLab)
  2 ice devils
  9 trolls
  3 meliai (shapeshifter)
  A queen bee (shapeshifter) (WizLab)
  A jumping spider (shapeshifter) (Vaults:4)
  A red devil (Zot:1)
  4 tengu conjurers
  7 large abominations (WizLab)
  A hornet (shapeshifter) (WizLab)
  Prince Ribbit (D:5)
  18 hornets
  11 blink frogs
  11 tyrant leeches
  30 slime creatures
  4 bog bodies
  8 dream sheep (Lair:6)
  2 dream sheep (shapeshifter)
  13 hippogriffs
  2 stone giant simulacra (Vaults:3)
  The ghost of Mrkan the Cudgeler, an amateur TeFi of Yredelemnul (D:4)
  3 hippogriffs (shapeshifter)
  2 meliai zombies
  A spriggan zombie (Depths:1)
  A deep troll zombie (Depths:1)
  4 shadows
  Sigmund (D:2)
  2 redbacks (Vaults:4)
  A tarantella (shapeshifter) (WizLab)
  A tarantella (Vaults:4)
  15 water elementals
  2 vampires
  17 yaks
  5 wyverns
  A human (shapeshifter) (Vaults:2)
  2 basilisks
  10 humans (D:13)
  2 fire bats (Swamp:4)
  8 wraiths
  2 chaos spawn (Depths:3)
  2 fire elementals (Depths:4)
  A golden eye (shapeshifter) (WizLab)
  2 steam dragons (Swamp:4)
  4 hogs (Elf:1)
  An elf skeleton (Depths:3)
  6 vampire mosquitoes
  A hungry ghost (D:12)
  15 insubstantial wisps
  30 nagas
  8 wargs
  A soldier ant (D:15)
  10 swamp worms
  A soldier ant (shapeshifter) (WizLab)
  6 small abominations (WizLab)
  A floating eye (shapeshifter) (WizLab)
  Duvessa (D:5)
  7 porcupines
  15 water moccasins
  3 acid dragons (Vaults:2)
  4 floating eyes (WizLab)
  9 ice beasts
  47 orc warriors
  9 swamp drakes
  4 phantoms
  2 necrophages (D:11)
  An eye of draining (shapeshifter) (WizLab)
  3 sky beasts
  An eye of draining (D:9)
  41 ogres
  4 boggarts (Depths:3)
  10 wolves
  16 crocodiles
  13 centaurs
  4 big kobolds
  13 bullfrogs
  A wyvern zombie (D:13)
  3 earth elementals (Elf:3)
  Dowan (D:5)
  A wyvern skeleton (D:11)
  2 scorpions
  An elephant simulacrum (IceCv)
  A swamp dragon simulacrum (IceCv)
  5 killer bees (D:9)
  9 electric eels
  6 jellies
  2 howler monkeys
  9 lava snakes
  11 crimson imps
  6 draconian simulacra (IceCv)
  2 bullfrog zombies
  A bullfrog skeleton (D:9)
  33 orc priests
  41 orc wizards
  Crazy Yiuf (D:5)
  5 hounds
  Natasha (thrice) (D:4)
  6 iguanas
  15 worker ants
  2 polar bear simulacra (IceCv)
  4 troll simulacra (IceCv)
  A spriggan simulacrum (IceCv)
  A bullfrog simulacrum (D:4)
  5 centaur simulacra
  A hound zombie (D:8)
  A hound skeleton (D:8)
  A mummy (Depths:4)
  A howler monkey zombie (D:8)
  3 worker ant zombies
  Robin (D:2)
  15 adders
  3 naga simulacra (IceCv)
  2 ogre simulacra (IceCv)
  A hound simulacrum (D:4)
  4 shadow imps
  14 white imps
  An ooze (D:2)
  2 adder zombies
  2 adder skeletons
  7 worms
  6 dart slugs
  An adder simulacrum (D:4)
  8 leopard geckos
  141 orcs
  6 bats
  10 giant cockroaches
  14 goblins
  15 hobgoblins
  6 jackals
  5 quokkas
  2 ball pythons
  8 frilled lizards
  A jackal simulacrum (D:4)
  26 kobolds
  A leopard gecko zombie (D:5)
  A quokka zombie (D:7)
  13 rats
  A fire vortex (Swamp:4)
  A fungus (Lair:2)
  3 plants
2445 creatures vanquished.

Vanquished Creatures (collateral kills)
  An orb of fire (Zot:5)
  A Killer Klown (Zot:5)
  An Orb Guardian (Zot:5)
  A nagaraja (Snake:4)
  A draconian knight (Depths:5)
  A purple draconian (Depths:5)
  A naga warrior (Snake:1)
  An anaconda (Snake:4)
  A deep troll earth mage (Depths:5)
  2 orc knights (Orc:1)
  A troll (Orc:1)
  3 wargs (Orc:1)
  A naga (Snake:1)
  5 orc warriors (Orc:1)
  3 orc priests (Orc:1)
  3 orc wizards (Orc:1)
  7 orcs (Orc:1)
34 creatures vanquished.

Vanquished Creatures (others)
  A deep elf master archer (Elf:3)
  3 stone giants
  5 yaktaur captains
  A centaur warrior (Vaults:1)
  2 naga sharpshooters
  A deep elf archer (Vaults:4)
  2 swamp dragons (Swamp:4)
  A deep elf mage (Vaults:1)
  A wolf spider (Vaults:5)
  7 yaktaurs
  A guardian mummy (Depths:4)
  A basilisk (Depths:4)
  A human (D:13)
  4 steam dragons (Swamp:4)
  4 swamp drakes (Swamp:4)
  2 ball lightnings (Depths:4)
  2 orcs
  5 fungi (Lair:6)
  4 plants
  5 withered plants
53 creatures vanquished.

Grand Total: 2532 creatures vanquished

Notes
Turn   | Place    | Note
-------+----------+-------------------------------------------
     0 | D:1      | SnubMonkey the Minotaur Berserker began the quest for the
                  | Orb.
     0 | D:1      | Reached XP level 1. HP: 19/19 MP: 0/0
   267 | D:1      | Reached XP level 2. HP: 27/27 MP: 1/1
   761 | D:1      | Reached ** piety under Trog
   761 | D:1      | Reached XP level 3. HP: 33/33 MP: 2/2
  1219 | D:2      | Reached skill level 5 in Axes
  1317 | D:2      | Noticed Sigmund
  1697 | D:2      | Killed Sigmund
  1697 | D:2      | Reached skill level 5 in Fighting
  1697 | D:2      | Reached XP level 4. HP: 42/42 MP: 3/3
  1697 | D:2      | Reached XP level 5. HP: 48/48 MP: 4/4
  2058 | D:2      | Noticed Robin
  2065 | D:2      | Killed Robin
  2087 | D:2      | Reached XP level 6. HP: 47/56 MP: 5/5
  2231 | D:2      | Reached *** piety under Trog
  2581 | D:3      | Noticed a +0 hand axe
  2581 | D:3      | Noticed a +0 hand axe
  2582 | D:3      | Found a hide-covered altar of Uskayaw.
  2628 | D:3      | Found a sacrificial altar of Ru.
  2993 | D:4      | Found a glowing golden altar of the Shining One.
  3015 | D:4      | Noticed Natasha
  3028 | D:4      | Killed Natasha
  3043 | D:4      | Noticed Natasha
  3052 | D:4      | Killed Natasha
  3058 | D:4      | Noticed Natasha
  3070 | D:4      | Killed Natasha
  3324 | D:4      | Reached XP level 7. HP: 60/63 MP: 6/6
  3369 | D:4      | Found a staircase to the Ecumenical Temple.
  3384 | D:4      | Noticed Mrkan's ghost (amateur TeFi)
  3408 | D:4      | Found a runed translucent gate.
  3408 | D:4      | Found a runed translucent gate.
  3408 | D:4      | Found a runed translucent gate.
  3656 | D:4      | Found a blossoming altar of Fedhas.
  3759 | D:5      | Entered Level 5 of the Dungeon
  3978 | D:5      | Reached XP level 8. HP: 64/73 MP: 7/7
  4012 | D:5      | Noticed Prince Ribbit
  4027 | D:5      | Reached skill level 10 in Axes
  4034 | D:5      | Killed Prince Ribbit
  4643 | D:5      | Noticed Duvessa
  4655 | D:5      | Killed Duvessa
  4657 | D:5      | Noticed Dowan
  4664 | D:5      | Killed Dowan
  4787 | D:5      | Reached **** piety under Trog
  5132 | D:5      | Found a runed translucent door.
  5133 | D:5      | Noticed Crazy Yiuf
  5138 | D:5      | Killed Crazy Yiuf
  5361 | D:6      | Found a hazy altar of Hepliaklqana.
  5578 | D:6      | Reached XP level 9. HP: 64/82 MP: 8/8
  5805 | D:6      | Reached skill level 1 in Shields
  6396 | D:7      | Found a white marble altar of Elyvilon.
  7222 | D:7      | Noticed a deep elf mage
  7225 | D:7      | Killed a deep elf mage
  7225 | D:7      | Reached skill level 10 in Fighting
  7227 | D:7      | Noticed a cyclops
  7234 | D:7      | Killed a cyclops
  7234 | D:7      | Reached XP level 10. HP: 93/93 MP: 9/9
  8191 | D:9      | Noticed a two-headed ogre
  8199 | D:9      | Killed a two-headed ogre
  8199 | D:9      | Reached ***** piety under Trog
  8431 | D:9      | Noticed a two-headed ogre
  8450 | D:9      | Killed a two-headed ogre
  8801 | D:9      | Reached skill level 15 in Axes
  8872 | D:9      | Noticed a two-headed ogre
  8884 | D:9      | Killed a two-headed ogre
  8884 | D:9      | Reached skill level 5 in Armour
  8970 | D:9      | Reached XP level 11. HP: 102/102 MP: 10/10
  8985 | D:9      | Found a snail-covered altar of Cheibriados.
  9277 | D:10     | Entered Level 10 of the Dungeon
  9850 | D:10     | Found a staircase to the Lair.
  9877 | D:10     | Noticed Sonja
  9880 | D:10     | Killed Sonja
  9890 | D:10     | Received a gift from Trog
 10121 | D:10     | Killed an unseen horror
 10240 | D:10     | Found a staircase to the Orcish Mines.
 10385 | D:10     | Noticed a deep troll
 10390 | D:10     | Killed a deep troll
 10396 | D:10     | Got a pitted copper ring
 10400 | D:10     | Got a pair of encrusted boots
 10433 | D:10     | Identified the ring of Lesser Demons {Ice Str+3 SInv} (You
                  | found it on level 10 of the Dungeon)
 10446 | D:10     | Identified the +3 pair of boots "Woupsi Pung" {rElec rF++
                  | Dex-4 Stlth+} (You found it on level 10 of the Dungeon)
 10488 | Lair:1   | Entered Level 1 of the Lair of Beasts
 11146 | Lair:2   | Found a staircase to the Snake Pit.
 11161 | Lair:2   | Noticed a six-headed hydra
 11184 | Lair:2   | Killed a one-headed hydra
 12122 | Lair:3   | Reached XP level 12. HP: 107/115 MP: 11/11
 12755 | Lair:3   | Reached skill level 10 in Armour
 13812 | Lair:4   | Noticed an eight-headed hydra
 13822 | Lair:4   | Killed a four-headed hydra
 13976 | Lair:4   | Noticed a seven-headed hydra
 13984 | Lair:4   | Killed a four-headed hydra
 14694 | Lair:4   | Found a staircase to the Swamp.
 15008 | Lair:5   | Reached XP level 13. HP: 125/125 MP: 12/12
 16173 | Lair:6   | Entered Level 6 of the Lair of Beasts
 16412 | Lair:6   | Reached skill level 15 in Fighting
 16567 | Lair:6   | Found a viscous altar of Jiyva.
 16567 | Lair:6   | Found a staircase to the Slime Pits.
 16743 | Lair:6   | Received a gift from Trog
 17817 | Lair:6   | Received a gift from Trog
 17847 | Lair:6   | Reached ****** piety under Trog
 18639 | D:11     | Reached XP level 14. HP: 81/137 MP: 13/13
 19446 | D:11     | Reached skill level 5 in Dodging
 19976 | D:12     | Noticed Josephine
 19996 | D:12     | Killed Josephine
 21370 | D:13     | Received a gift from Trog
 21373 | D:13     | Identified the +7 war axe of the Hawk {freeze, rElec MR+}
                  | (Trog gifted it to you on level 13 of the Dungeon)
 21413 | D:13     | Reached skill level 5 in Shields
 21473 | D:13     | Found a gate to the Vaults.
 21728 | D:14     | Found a frozen archway.
 21743 | IceCv    | Entered an ice cave
 22046 | IceCv    | Found an ancient bone altar of Kikubaaqudgha.
 22533 | IceCv    | Received a gift from Trog
 22586 | IceCv    | Got a pair of fine gloves
 22587 | IceCv    | Identified the +0 pair of gloves of Pride {+Blink rPois rF+
                  | Int+3} (You found it in an ice cave)
 22810 | D:14     | Identified the Volume of Orientation and Transmutation
 23178 | D:15     | Entered Level 15 of the Dungeon
 23312 | D:15     | Reached XP level 15. HP: 126/147 MP: 14/14
 23656 | D:15     | Found a staircase to the Depths.
 23663 | D:15     | Reached skill level 15 in Armour
 24155 | Orc:1    | Entered Level 1 of the Orcish Mines
 24280 | Orc:2    | Entered Level 2 of the Orcish Mines
 24301 | Orc:2    | Received a gift from Trog
 24310 | Orc:2    | Got a fine hand axe {god gift}
 24320 | Orc:2    | Found a staircase to the Elven Halls.
 24551 | Orc:1    | Received a gift from Trog
 24554 | Orc:1    | Got a dazzling battleaxe {god gift}
 24960 | Orc:2    | Noticed an orc warlord
 24981 | Orc:2    | Killed an orc warlord
 25113 | Orc:2    | Found a roughly hewn altar of Beogh.
 25213 | Orc:2    | Found a roughly hewn altar of Beogh.
 25353 | Orc:2    | Found a roughly hewn altar of Beogh.
 25367 | Orc:2    | Found Vossyorgh's Assorted Antiques.
 25454 | Orc:2    | Received a gift from Trog
 25551 | Orc:2    | Found a roughly hewn altar of Beogh.
 25572 | Orc:2    | Found Voqiyroo's Food Shop.
 25614 | Orc:2    | Noticed an orc warlord
 25633 | Orc:2    | Killed an orc warlord
 25638 | Orc:2    | Found Ibly's Antique Armour Emporium.
 25643 | Orc:2    | Found a roughly hewn altar of Beogh.
 25656 | Orc:2    | Found Leaves's Antique Weapon Shoppe.
 25694 | Orc:2    | Bought an encrusted plate armour for 756 gold pieces
 25704 | Orc:2    | Identified the +8 plate armour of the Pit {rElec rF+ Dex-2}
                  | (You bought it in a shop on level 2 of the Orcish Mines)
 25865 | Swamp:1  | Entered Level 1 of the Swamp
 25884 | Swamp:1  | Reached skill level 10 in Shields
 25941 | Swamp:1  | Identified the +11 hand axe of Unpleasantness {freeze, rF-
                  | rC+ rN+ Str+4} (Trog gifted it to you on level 2 of the
                  | Orcish Mines)
 26743 | Swamp:2  | Paralysed by a hornet for 3 turns
 27050 | Swamp:2  | Received a gift from Trog
 27095 | Swamp:2  | Identified the +5 battleaxe "Vepafide" {chop, MR+} (Trog
                  | gifted it to you on level 1 of the Orcish Mines)
 27395 | Swamp:2  | Reached XP level 16. HP: 121/157 MP: 15/15
 28238 | Swamp:3  | Reached skill level 10 in Dodging
 28822 | Swamp:4  | Entered Level 4 of the Swamp
 29450 | Swamp:4  | Got a decaying rune of Zot
 29907 | Swamp:4  | Noticed Donald
 30058 | Swamp:4  | Killed Donald
 30515 | Snake:1  | Entered Level 1 of the Snake Pit
 30572 | Snake:1  | Noticed Aizul
 30603 | Snake:1  | Killed Aizul
 30603 | Snake:1  | Received a gift from Trog
 31362 | Snake:2  | Found Azxux's Specialty Armours.
 31720 | Snake:2  | Found Ydwysko's Armour Shop.
 31722 | Snake:2  | Found Efeqykuu's General Store.
 31724 | Snake:2  | Found Puklyer's General Store.
 31732 | Snake:2  | Bought 2 scrolls of teleportation for 108 gold pieces
 32446 | Snake:3  | Reached XP level 17. HP: 168/168 MP: 16/16
 32621 | Snake:3  | Received a gift from Trog
 32938 | Snake:4  | Entered Level 4 of the Snake Pit
 32999 | Snake:4  | Received a gift from Trog
 33030 | Snake:4  | Reached skill level 15 in Shields
 33301 | Snake:4  | Received a gift from Trog
 34105 | Snake:4  | Received a gift from Trog
 34108 | Snake:4  | Got an ancient broad axe {god gift}
 34111 | Snake:4  | Identified the +7 broad axe "Piraxaus" {chaos, Str+3 Dex+4}
                  | (Trog gifted it to you on level 4 of the Snake Pit)
 34166 | Snake:4  | Got a serpentine rune of Zot
 34790 | Vaults:1 | Entered Level 1 of the Vaults
 34817 | Vaults:1 | Found Mossas's Armour Shoppe.
 34937 | Vaults:1 | Reached skill level 1 in Evocations
 35047 | Vaults:1 | Noticed an Ice Fiend
 35051 | Vaults:1 | Noticed a Brimstone Fiend
 35234 | Vaults:1 | Found a runed translucent gate.
 35234 | Vaults:1 | Found a runed translucent gate.
 35235 | Vaults:1 | Found a runed translucent gate.
 35363 | Vaults:1 | Reached XP level 18. HP: 93/178 MP: 17/19
 35716 | Vaults:1 | Received a gift from Trog
 36110 | Vaults:1 | Noticed Jabberih's ghost (adept VSNe)
 36110 | Vaults:1 | Noticed vegansnacktivist's ghost (adept DDFi)
 36110 | Vaults:1 | Noticed dolemite99's ghost (veteran DrFE)
 36378 | Vaults:1 | Received a gift from Trog
 36387 | Vaults:1 | Identified the +1 broad axe of Departure {holy, rPois}
                  | (Trog gifted it to you on level 1 of the Vaults)
 36542 | Vaults:1 | Reached skill level 5 in Evocations
 36562 | Vaults:1 | Found the +7 Singing Sword {slice, sonic wave}
 36651 | Vaults:1 | Found Oneih's Food Boutique.
 37305 | Vaults:2 | Received a gift from Trog
 37423 | Vaults:2 | Found a staircase to the Crypt.
 37638 | Vaults:2 | Reached XP level 19. HP: 138/188 MP: 21/21
 37866 | Vaults:2 | Received a gift from Trog
 37869 | Vaults:2 | Identified the +7 broad axe of Heonipse {elec, rF+ Int+4}
                  | (Trog gifted it to you on level 2 of the Vaults)
 38940 | Vaults:3 | Received a gift from Trog
 39090 | Vaults:3 | Found Hyocacuu's Weapon Shop.
 39119 | Vaults:3 | Bought the +8 mithril axe "Arga" {speed, MR+} for 1033 gold
                  | pieces
 39119 | Vaults:3 | Found the +8 mithril axe "Arga" {speed, MR+}
 39652 | Vaults:3 | Received a gift from Trog
 39663 | Vaults:3 | Identified the +2 broad axe "Feorhuj" {drain, Str+3} (Trog
                  | gifted it to you on level 3 of the Vaults)
 40667 | Vaults:4 | Reached XP level 20. HP: 200/200 MP: 22/22
 40706 | Vaults:4 | Noticed Margery
 40722 | Vaults:4 | Killed Margery
 40728 | Vaults:4 | Received a gift from Trog
 40967 | Vaults:4 | Found Ymmeid's Antique Weapon Boutique.
 41723 | Elf:1    | Entered Level 1 of the Elven Halls
 41732 | Elf:1    | Found Nemnoy's Magic Scroll Emporium.
 41732 | Elf:1    | Found Feis's Antique Armour Shoppe.
 41746 | Elf:1    | Bought a scroll of acquirement for 676 gold pieces
 41746 | Elf:1    | Bought a scroll of teleportation for 39 gold pieces
 41746 | Elf:1    | Bought a scroll of teleportation for 39 gold pieces
 41746 | Elf:1    | Bought a scroll of teleportation for 39 gold pieces
 41747 | Elf:1    | Got a warped shield
 41748 | Elf:1    | Identified the -5 shield "Pakk" {+Inv rCorr} (You acquired
                  | it on level 1 of the Elven Halls)
 41798 | Elf:1    | Identified the Reference Book on the Entourage
 41837 | Elf:1    | Noticed Kirke
 41852 | Elf:1    | Killed Kirke
 42014 | Elf:1    | Found a magical portal.
 42065 | WizLab   | Reached skill level 15 in Dodging
 42233 | WizLab   | Paralysed by a floating eye for 4 turns
 42247 | WizLab   | Gained mutation: You are occasionally teleported next to
                  | monsters. [a shining eye]
 42259 | WizLab   | Lost mutation: You are occasionally teleported next to
                  | monsters. [potion of mutation]
 42259 | WizLab   | Gained mutation: You evolve. [potion of mutation]
 42259 | WizLab   | Gained mutation: Scrolls take you a little longer to read.
                  | [potion of mutation]
 42259 | WizLab   | Gained mutation: Your mind is acute. (Int +2) [potion of
                  | mutation]
 42259 | WizLab   | Gained mutation: Your flesh is cold resistant. (rC+)
                  | [potion of mutation]
 42268 | WizLab   | Got a bound brass amulet
 42271 | WizLab   | Identified the amulet "Ymnuofaff" {Gourm *Drain +Inv rF+++
                  | rC++} (You found it in a wizard's laboratory)
 42282 | WizLab   | Paralysed by a floating eye for 4 turns
 42297 | WizLab   | Paralysed by a floating eye for 2 turns
 42619 | WizLab   | Received a gift from Trog
 42638 | WizLab   | Identified Zuffinea's Disquisition on Transmutation
 42646 | WizLab   | Identified Cigotuvi's Compendium of Doomed Changing
 43014 | Elf:1    | Found a runed translucent door.
 43014 | Elf:1    | Noticed Hynwimna's ghost (veteran MiGl)
 43135 | Elf:1    | Found an ancient bone altar of Kikubaaqudgha.
 43320 | Elf:2    | Identified Roxanne's Reference Book on Earth
 43320 | Elf:2    | Noticed Roxanne
 43403 | Elf:2    | Received a gift from Trog
 43597 | Elf:2    | Found a huge runed translucent gate.
 43597 | Elf:2    | Found a huge runed translucent gate.
 43597 | Elf:2    | Found a huge runed translucent gate.
 43597 | Elf:2    | Found a huge runed translucent gate.
 43597 | Elf:2    | Found a huge runed translucent gate.
 43798 | Elf:2    | Killed Roxanne
 43914 | Elf:3    | Entered Level 3 of the Elven Halls
 44235 | Elf:3    | Reached XP level 21. HP: 207/210 MP: 23/23
 44493 | Elf:3    | Lost mutation: Scrolls take you a little longer to read.
                  | [evolution]
 44621 | Elf:3    | Found Wuuck's Antique Weapon Shoppe.
 45229 | Elf:3    | Identified the +7 mace "Guicucuf" {freeze, Str+6}
 45264 | Elf:3    | Received a gift from Trog
 45586 | Elf:3    | Identified the +3 scale mail "Qyskann" {rElec MR+++ Dex-4
                  | SInv}
 45642 | Elf:3    | Identified the +4 short sword "Feryepom" {flame, rF+ Str+3
                  | Int-2 Dex+7}
 45668 | Elf:3    | Identified the cursed +1 halberd of Awkwardness {venom, rC-
                  | Int+2 Dex+4}
 45668 | Elf:3    | Identified the cursed +0 leather armour "Moalaumn" {Str+4
                  | Dex+2}
 46206 | Elf:3    | Identified the Almanac of the Frostbite
 46503 | Depths:1 | Entered Level 1 of the Depths
 46581 | Depths:1 | Found a gateway to Hell.
 46784 | Depths:1 | Received a gift from Trog
 47048 | Depths:1 | Found a sparkling altar of Nemelex Xobeh.
 47740 | Depths:2 | Found a blossoming altar of Fedhas.
 47858 | Depths:2 | Paralysed by a great orb of eyes for 4 turns
 48131 | Depths:2 | Reached XP level 22. HP: 222/222 MP: 8/24
 48382 | Depths:2 | Identified the ring of the Princeling {Wiz rF+ Str+4}
 48478 | Depths:2 | Identified the Incunabulum of Igneous Ice
 48557 | Depths:2 | Found a runed translucent door.
 48766 | Depths:2 | Received a gift from Trog
 49015 | Depths:2 | Noticed a caustic shrike
 49025 | Depths:2 | Killed a caustic shrike
 49094 | Depths:2 | Got a smoking lead amulet
 49095 | Depths:2 | Identified the amulet "Taciehuh" {+Rage rElec Str+8 Dex-2}
                  | (You found it on level 2 of the Depths)
 49251 | Depths:2 | You fall into a shaft and drop 1 floor!
 49369 | Depths:3 | Received a gift from Trog
 49441 | Depths:3 | Found Doir Cou's Jewellery Shoppe.
 49770 | Depths:3 | Received a gift from Trog
 49772 | Depths:3 | Noticed a caustic shrike
 49776 | Depths:3 | Noticed a caustic shrike
 49778 | Depths:3 | Noticed a caustic shrike
 49782 | Depths:3 | Killed a caustic shrike
 49794 | Depths:3 | Killed a caustic shrike
 49797 | Depths:3 | Killed a caustic shrike
 49801 | Depths:3 | Noticed a caustic shrike
 49821 | Depths:3 | Killed a caustic shrike
 50375 | Depths:3 | Reached XP level 23. HP: 202/232 MP: 25/25
 50710 | Depths:3 | Found a one-way gate leading to the halls of Pandemonium.
 50964 | Depths:3 | Found a one-way gate to the infinite horrors of the Abyss.
 51753 | Depths:2 | Found a runed translucent door.
 51753 | Depths:2 | Noticed a caustic shrike
 51754 | Depths:2 | Found a stormy altar of Qazlal.
 51771 | Depths:2 | Received a gift from Trog
 51788 | Depths:2 | Found an ornate altar of the Wu Jian Council.
 51789 | Depths:2 | Found a shattered altar of Ashenzari.
 51794 | Depths:2 | Found a runed translucent door.
 51794 | Depths:2 | Found a runed translucent door.
 51800 | Depths:2 | Found a sparkling altar of Nemelex Xobeh.
 51956 | Depths:2 | Found a runed translucent door.
 51957 | Depths:2 | Found a runed translucent door.
 52595 | Depths:2 | Killed a caustic shrike
 52629 | Depths:2 | Received a gift from Trog
 53055 | Depths:4 | Found a gateway to a ziggurat.
 53171 | Depths:4 | Found a large runed translucent door.
 53172 | Depths:4 | Found a large runed translucent door.
 53423 | Depths:4 | Received a gift from Trog
 54187 | Depths:4 | Paralysed by a floating eye for 4 turns
 54195 | Depths:4 | Paralysed by a floating eye for 2 turns
 54198 | Depths:4 | Paralysed by a floating eye for 2 turns
 54210 | Depths:4 | Paralysed by a floating eye for 4 turns
 54553 | Depths:4 | Reached XP level 24. HP: 219/245 MP: 25/25
 54665 | Depths:4 | Received a gift from Trog
 54794 | Depths:4 | Identified the cursed -8 buckler of the True Pharaoh {rPois
                  | Str+2 Dex+4 Slay-3}
 54794 | Depths:4 | Identified the +7 hand crossbow "Guinimos" {penet, +Inv
                  | rPois rN++ Int+2}
 54846 | Depths:4 | Identified the +15 plate armour of Supple Strength {Str+4
                  | Int+4} (You found it on level 4 of the Depths)
 54947 | Depths:5 | Entered Level 5 of the Depths
 55524 | Depths:5 | Received a gift from Trog
 55526 | Depths:5 | Found a gate to the Realm of Zot.
 56146 | Vaults:5 | Entered Level 5 of the Vaults
 56202 | Vaults:5 | Noticed an ancient lich
 56478 | Vaults:5 | Killed an ancient lich
 56478 | Vaults:5 | Reached skill level 27 in Fighting
 56552 | Vaults:5 | Reached XP level 25. HP: 257/257 MP: 25/25
 56874 | Vaults:5 | Got a silver rune of Zot
 56880 | Vaults:5 | Identified the Disquisition on Transmigration and the Rocks
 56966 | Vaults:5 | Received a gift from Trog
 57210 | Vaults:5 | Got a scintillating bronze ring
 57211 | Vaults:5 | Identified the ring "Wuety" {Fire rElec SInv Stlth+} (You
                  | found it on level 5 of the Vaults)
 57390 | Vaults:5 | Got a warped platinum ring
 57391 | Vaults:5 | Identified the ring "Itolauco" {Int+5 SInv} (You found it
                  | on level 5 of the Vaults)
 57478 | Vaults:5 | Noticed Saint Roka
 57518 | Vaults:5 | Killed Saint Roka
 58058 | Orc:2    | Bought a potion of haste for 240 gold pieces
 58058 | Orc:2    | Bought a potion of heal wounds for 120 gold pieces
 58058 | Orc:2    | Bought a potion of heal wounds for 120 gold pieces
 58058 | Orc:2    | Bought a hand crossbow for 84 gold pieces
 58058 | Orc:2    | Bought a scroll of enchant armour for 180 gold pieces
 58058 | Orc:2    | Bought a scroll of fog for 48 gold pieces
 58058 | Orc:2    | Bought a potion of curing for 72 gold pieces
 58058 | Orc:2    | Bought a wand of acid (7) for 192 gold pieces
 58273 | D:4      | Killed Mrkan's ghost
 58555 | Elf:1    | Killed Hynwimna's ghost
 58589 | Elf:1    | Gained mutation: You expend magic power (3 MP) to
                  | strengthen your wands. [evolution]
 58589 | Elf:1    | Lost mutation: You evolve. [end of evolution]
 58754 | Vaults:1 | Killed Jabberih's ghost
 58764 | Vaults:1 | Killed vegansnacktivist's ghost
 58797 | Vaults:1 | Killed dolemite99's ghost
 59398 | Zot:1    | Entered Level 1 of the Realm of Zot
 59888 | Zot:1    | Received a gift from Trog
 59910 | Zot:1    | Reached skill level 27 in Armour
 60513 | Zot:2    | Reached XP level 26. HP: 262/266 MP: 27/27
 61345 | Zot:2    | Received a gift from Trog
 62169 | Zot:3    | Reached skill level 10 in Evocations
 62571 | Zot:3    | Noticed an orb of fire
 62574 | Zot:3    | Gained mutation: You are robust. (+10% HP) [an orb of fire]
 62591 | Zot:3    | Killed an orb of fire
 63498 | Zot:4    | Reached XP level 27. HP: 282/300 MP: 30/31
 63590 | Zot:4    | Received a gift from Trog
 65230 | Zot:5    | Entered Level 5 of the Realm of Zot
 65998 | Zot:5    | Noticed an ancient lich
 66033 | Zot:5    | Killed an ancient lich
 66313 | Zot:5    | Received a gift from Trog
 66408 | Zot:5    | Noticed an ancient lich
 66432 | Zot:5    | Killed an ancient lich
 66625 | Zot:5    | Noticed an orb of fire
 66650 | Zot:5    | Killed an orb of fire
 66650 | Zot:5    | Reached skill level 15 in Evocations
 66741 | Zot:5    | Noticed an orb of fire
 66742 | Zot:5    | LostNumber: I joined at a good time to watch
 66745 | Zot:5    | SnubMonkey: yeah, tryin to finish up so I can get some
                  | sleep
 66768 | Zot:5    | Noticed an orb of fire
 66768 | Zot:5    | Killed an orb of fire
 66780 | Zot:5    | Noticed an ancient lich
 67370 | Zot:5    | Killed an ancient lich
 67387 | Zot:5    | Lost mutation: Your mind is acute. (Int +2) [an orb of
                  | fire]
 67395 | Zot:5    | Killed an orb of fire
 67400 | Zot:5    | EnegeticOcto: nice gear :D
 67411 | Zot:5    | SnubMonkey: had some good luck
 67522 | Zot:5    | Got the Orb of Zot
 67572 | Zot:5    | EnegeticOcto: no tp, no balls :P
 67659 | Zot:2    | LostNumber: I'd have taken the tp too :D
 67720 | Zot:1    | SnubMonkey: i don't like to when I only clear half the
                  | lungs
 67720 | Zot:1    | SnubMonkey: had some bad rolls before
 67875 | D:15     | LostNumber: yeah, the kind of roll where the other lung
                  | just happened to have 4 oofs in it
 67986 | D:9      | Noticed Samonepi the pandemonium lord
 68029 | D:8      | Noticed a seraph
 68191 | D:$      | Escaped with the Orb!

Levels and vault maps discovered:
D:1:      dpeg_arrival_ratfight, layout_basic, st_stairs_14,
          serial_bayou_crossing
D:2:      layout_loops_corners, st_stairs_5, uniq_sigmund, uniq_robin
D:3:      layout_basic, dancing_weapons_uskayaw,
          nicolae_ru_great_annihilating_truth
D:4:      layout_basic, lemuel_coloured_pillars_altar,
          minmay_temple_entry_statues_pillars, gammafunk_ghost_icy, tso_altar,
          uniq_natasha
D:5:      wad_crossroads, layout_basic, portal_sewer_entry_b, first_ration,
          guppyfry_early_lair_pool, uniq_duvessa, uniq_prince_ribbit1,
          uniq_crazy_yiuf_cottage
D:6:      layout_loops_ring, lemuel_doored_altar, serial_bayou,
          serial_bayou_shore_b, serial_bayou_pond_c, serial_bayou_lagoon_a,
          serial_bayou_pond_a, grunt_ministairs_10
D:7:      minmay_blocky_corners, layout_rooms, elyvilon_altar_4,
          grunt_ministairs_10
D:8:      layout_rooms, hangedman_pestilent_swarm
D:9:      layout_roguey, kennysheep_mini, minmay_misc_feat_columns
D:10:     minmay_shrinking_squares, layout_gridville, erik_lair_orcish_takeover,
          orc_0_dummy, minmay_nine_imps, uniq_sonja
D:11:     layout_basic
D:12:     layout_cross, kennysheep_boxes, uniq_josephine
D:13:     layout_basic, ximxim_vaults_locker_room, serial_co_window_serial,
          co_window_paths_b, co_window_corner_a, co_window_corner_a,
          co_window_paths_a, co_window_paths_a, co_window_paths_b,
          co_window_corner_a, co_window_paths_a, co_window_corner_a,
          co_window_corner_b, co_window_unsneaky_path_d, co_window_corner_b,
          co_window_cross_4, co_window_paths_d, co_window_4corner_a,
          glass_columns_b, glass_columns_c
D:14:     layout_rooms, portal_ice_cave_rime, serial_bayou_pond_a,
          minmay_checkerbox
D:15:     grunt_enter_depths_snipers, layout_long_grid, minmay_misc_feat_iff
Lair:1:   layout_roguey, serial_bayou_shore_b
Lair:2:   layout_layer_cave, minmay_snake_entry_spellcaster
Lair:3:   layout_chaotic_city, hibernation_bobbens
Lair:4:   layout_regular_city, swamp_mist, lemuel_old_faithful
Lair:5:   cheibrodos_magma_flow, layout_regular_city, grunt_megastairs_4,
          infiniplex_staircase_pool_2, lemuel_fruit_tree
Lair:6:   hangedman_lair_in_review, layout_regular_city,
          dpeg_slime_entry_enclosed_altar, minivault_27
Swamp:1:  layout_falls_marsh, evilmike_swamp_ruin_rubble_2, swamp_pool1
Swamp:2:  layout_basic_swamp, evilmike_swamp_ruin_house_1, swamp_pool3,
          st_swamp_ruins_1
Swamp:3:  layout_falls_marsh, serial_swamp_ruin, evilmike_swamp_ruin_wall,
          evilmike_swamp_ruin_house_2
Swamp:4:  swamp_fiery, layout_basic_swamp, infiniplex_staircase_pool,
          uniq_donald
Snake:1:  layout_basic, guppyfry_library_mini, uniq_aizul
Snake:2:  layout_misc_corridors, drop_trap, nicolae_barding_shop,
          minmay_shop_star
Snake:3:  layout_concentric_octagons
Snake:4:  snake_pit, layout_gridlike, drop_trap, st_stairs_1
Orc:1:    layout_caves
Orc:2:    grunt_orc_community_town_hall, layout_caves,
          grunt_orc_community_big_house_2, grunt_orc_community_big_house_2,
          grunt_orc_community_house_2, grunt_orc_community_house_2,
          grunt_orc_community_house_1, grunt_orc_community_house_1,
          grunt_orc_community_house_1
Elf:1:    layout_gridlike, mu_enter_wizlab_4, basic_altar,
          gammafunk_ghost_grave, minmay_elf_demonology, minmay_shoptagon,
          uniq_kirke
Elf:2:    layout_geoelf_diagonals, minivault_16, uniq_roxanne
Elf:3:    minmay_elf_hall_dome, layout_geoelf_castle, serial_shops, shop,
          minmay_misc_feat_alley
Vaults:1: gammafunk_vaults_ghost_cemetery, v_misc_24,
          hangedman_vaults_restitches, v_alt_pattern_3, hangedman_vaults_impose,
          ontoclasm_vaults_ligature, vaults_room_mumra_shop_pool,
          hangedman_vaults_stitches, v_misc_12, nicolae_vaults_quadrants,
          v_pattern_5, hangedman_vaults_stream, hangedman_vaults_maws,
          vaults_dpeg_hooks, layout_vaults_big_cross, serial_shops, shop
Vaults:2: minmay_crypt_entry_simple_sparse, sword_in_stone, v_alt_pattern_2,
          grunt_vaults_twisty, v_misc_9, nicolae_vaults_network_star,
          nicolae_vaults_little_squares_2, hangedman_vaults_nails,
          grunt_vaults_swirl, vaults_room_octagon, layout_vaults_maze
Vaults:3: ontoclasm_vaults_gallery, v_pattern_2, ontoclasm_vaults_ring_square,
          nicolae_vaults_ninety_degrees, nicolae_vaults_little_squares_3,
          v_misc_15, nicolae_vaults_border_crossing, layout_vaults_omnigrid,
          serial_shops, shop
Vaults:4: hangedman_vaults_capsules, st_octagons_2, vaults_room_pools,
          v_misc_11, v_misc_28, nicolae_vaults_yaktaur_gun_rack, v_misc_15,
          hangedman_vaults_river_flow, nicolae_vaults_angled_halls,
          vaults_room_stairs_pillars, layout_vaults_omnibox, serial_shops, shop,
          uniq_margery
Vaults:5: uniq_saint_roka
Depths:1: layout_cave_shapes, minmay_misc_feat_ornament,
          pf_hell_entry_tar_river, nemelex_diamond_rough_becter
Depths:2: minmay_the_grid_ultimate
          [minmay_the_grid_prize_four_corners_diamond_a,
          minmay_the_grid_prize_four_corners_diamond_b,
          minmay_the_grid_prize_four_corners,
          minmay_the_grid_prize_shrinking_boxes, minmay_the_grid_square_5x5_six,
          minmay_the_grid_square_5x5_lines,
          minmay_the_grid_square_5x5_trominoes,
          minmay_the_grid_square_5x5_detours, minmay_the_grid_square_5x5_c,
          minmay_the_grid_square_5x5_inner_i, minmay_the_grid_square_5x5_meh,
          minmay_the_grid_square_5x5_two_walls_b,
          minmay_the_grid_square_5x5_two, minmay_the_grid_square_5x5_inset,
          minmay_the_grid_square_5x5_spiral_small,
          minmay_the_grid_square_5x5_three_small,
          minmay_the_grid_square_5x5_shrine2, minmay_the_grid_square_5x5_spiral,
          minmay_the_grid_square_5x5_n_small,
          minmay_the_grid_triangle_9x9_corruption,
          minmay_the_grid_triangle_9x9_subtriangle,
          minmay_the_grid_triangle_9x9_warning,
          minmay_the_grid_triangle_9x9_zippers_horizontal,
          minmay_the_grid_triangle_9x9_swiss_cheese,
          minmay_the_grid_triangle_9x9_odd_lines,
          minmay_the_grid_triangle_9x9_negative_grid,
          minmay_the_grid_triangle_9x9_shrine,
          minmay_the_grid_triangle_9x9_minimal,
          minmay_the_grid_triangle_9x9_from_above,
          minmay_the_grid_triangle_9x9_sparse_checkered,
          minmay_the_grid_triangle_9x9_tough_junction,
          minmay_the_grid_triangle_9x9_pentomino_pain,
          minmay_the_grid_triangle_9x9_sprig,
          minmay_the_grid_triangle_9x9_fully_insulated_deathbox,
          minmay_the_grid_triangle_9x9_corrupted_corridor,
          minmay_the_grid_square_5x5_comb, minmay_the_grid_octo_thin_diamonds,
          minmay_the_grid_octo_checkered, minmay_the_grid_octo_odd_swirl,
          minmay_the_grid_octo_toaster, minmay_the_grid_octo_shrine,
          minmay_the_grid_octo_fan_narrow, minmay_the_grid_octo_teeth,
          minmay_the_grid_octo_77, minmay_the_grid_minigrid_small,
          minmay_the_grid_armoury, minmay_the_grid_spikes,
          minmay_the_grid_all_tris], hell_entry
Depths:3: grunt_crosshair, layout_cave_shapes, abyss_entry_crystal,
          rand_demon_pan_entry_1, kennysheep_small_spiral, hell_entry,
          minmay_shop_enchanted_jewellery, minivault_15, serial_bayou_shore_b
Depths:4: lightli_eight_chambers, layout_basic, enter_ziggurat_c, abyss_entry,
          hell_entry, serial_bayou, serial_bayou_shore_b, serial_bayou_lake_a,
          serial_bayou_pond_d, serial_bayou_pond_e, serial_bayou_shore_b
Depths:5: grunt_zot_entry_bicorn, layout_cave_pools, chequers_jeans,
          hangedman_coc_ice_floe, hangedman_abyss_entry_splay, drop_trap,
          serial_sigils_hangedman_gut
Zot:1:    layout_misc_corridors, grunt_megastairs_1
Zot:2:    lemuel_draconian_sentries, layout_gridlike, st_small_dragon_hoard_4
Zot:3:    kennysheep_room_grid, layout_concentric_octagons
Zot:4:    layout_onion_interference
Zot:5:    layout_concentric_octagons, skrybe_zot_glass_2

Skill      XL: |  1  2  3  4  5  6  7  8  9 10 11 12 13 14 15 16 17 18 19 20 21 22 23 24 25 26 27 |
---------------+----------------------------------------------------------------------------------+-----
Axes           | 4 6 7 8 9 11 13 15 16 17 18 | 18.0
Fighting       | 4 5 6 7 8 10 11 13 14 16 17 18 19 20 22 23 24 26 27 | 27.0
Shields        | 4 7 11 14 16 18 19 21 22 23 25 | 25.5
Armour         | 5 9 11 13 14 15 17 18 19 20 21 22 23 24 25 27 | 27.0
Dodging        | 4 7 9 10 12 14 15 16 18 23 | 23.4
Evocations     | 2 5 7 12 15 | 15.0

Action                   |  1- 3 |  4- 6 |  7- 9 | 10-12 | 13-15 | 16-18 | 19-21 | 22-24 | 25-27 || total
-------------------------+-------+-------+-------+-------+-------+-------+-------+-------+-------++-------
Melee: Hand axe          |    93 |   132 |     6 |       |       |       |       |       |       ||   231
       Headbutt          |    16 |    16 |    49 |    98 |   316 |   345 |   413 |   457 |   681 ||  2391
       War axe           |       |       |   233 |   556 |  1400 |   347 |       |       |       ||  2536
       Broad axe         |       |       |       |       |       |  1154 |  1629 |  1683 |  2224 ||  6690
Invok: Trog's Hand       |     1 |     3 |     7 |     5 |    13 |    13 |     7 |    12 |     9 ||    70
       Berserk           |     1 |     2 |     5 |     9 |     4 |     2 |       |     1 |     3 ||    27
       Brothers in Arms  |       |       |       |       |     1 |     2 |       |     2 |       ||     5
 Abil: Evoke Invisibilit |       |       |       |       |       |       |       |       |     2 ||     2
       Evoke Blink       |       |       |       |       |       |       |       |       |     1 ||     1
Evoke: Wand              |       |       |     3 |     3 |     7 |       |       |       |     6 ||    19
  Use: Scroll            |     6 |     6 |     6 |    11 |    10 |     7 |     7 |     8 |    22 ||    83
       Potion            |       |       |       |     4 |       |     1 |     1 |     2 |    14 ||    22
 Stab: Sleeping          |       |     2 |     2 |       |       |       |       |       |       ||     4
       Paralysed         |       |     1 |       |       |       |       |       |       |       ||     1
       Distracted        |       |       |       |     1 |       |       |       |       |       ||     1
       Confused          |       |       |       |       |       |     1 |       |     1 |     1 ||     3
       Invisible         |       |       |       |       |       |       |       |       |     6 ||     6
  Eat: Chunk             |     2 |    10 |    15 |    23 |    33 |    19 |    33 |    23 |    26 ||   184
       Ration            |       |       |     1 |     4 |     5 |     7 |     1 |     4 |     8 ||    30
Armor: Animal skin       |    14 |    13 |       |       |       |       |       |       |       ||    27
       Ring mail         |       |     4 |    23 |       |       |       |       |       |       ||    27
       Chain mail        |       |       |    65 |    15 |       |       |       |       |       ||    80
       Scale mail        |       |       |     8 |       |       |       |       |       |       ||     8
       Skin              |       |       |       |    23 |       |       |       |       |     3 ||    26
       Plate armour      |       |       |       |   189 |   473 |   453 |   402 |   362 |   331 ||  2210
Dodge: Dodged            |    61 |    66 |    79 |    99 |   250 |   369 |   318 |   255 |   304 ||  1801
Block: Buckler           |       |       |    27 |   161 |   154 |       |       |       |       ||   342
       Reflection        |       |       |       |     2 |    37 |   126 |    77 |    81 |    62 ||   385
       Shield            |       |       |       |       |   438 |  1035 |   766 |    69 |       ||  2308
       Large shield      |       |       |       |       |       |       |       |  1314 |  1720 ||  3034
